 Dungeon Crawl Stone Soup version 0.21.0-25-ge575cb9 (webtiles) character file.

1211 SedStubbie the Skirmisher (level 8, -1/66 HPs)
             Began as a Demigod Skald on Jan 24, 2018.
             Killed by divine providence
             ... invoked by an orc priest
              (7 damage)
             ... on level 5 of the Dungeon.
             The game lasted 00:16:53 (6834 turns).

SedStubbie the Skirmisher (Demigod Skald)           Turns: 6834, Time: 00:16:54

Health: -1/66      AC:  4    Str: 16    XL:     8   Next: 2%
Magic:  14/17      EV: 14    Int: 19    God:
Gold:   314        SH:  8    Dex: 15    Spells: 13/14 levels left

rFire    + . .     SeeInvis .   f - +0 spear (flame)
rCold    . . .     Gourm    .   p - +0 buckler
rNeg     . . .     Faith    .   b - +1 leather armour
rPois    .         Spirit   .   (no helmet)
rElec    .         Reflect  +   (no cloak)
rCorr    .         Harm     .   (no gloves)
MR       .....                  (no boots)
Stlth    +.........             s - +3 amulet of reflection
HPRegen  0.21/turn              k - ring of protection from fire
MPRegen  0.15/turn              (no ring)

@: infused
A: high mp 1
a: no special abilities


You were on level 5 of the Dungeon.
You were not hungry.

You visited 1 branch of the dungeon, and saw 5 of its levels.

You collected 314 gold pieces.

Inventory:

Hand Weapons
 a - a +0 mace
 f - a +0 spear of flaming (weapon)
Armour
 b - a +1 leather armour (worn)
 n - a +1 chain mail of cold resistance
 p - a +0 buckler (worn)
Jewellery
 e - an uncursed ring of ice
 g - an uncursed amulet of the gourmand
 j - an uncursed ring of ice
 k - a ring of protection from fire (left hand)
 s - a +3 amulet of reflection (around neck)
 x - an uncursed amulet of guardian spirit {unknown}
Wands
 q - a wand of disintegration (1)
 u - a wand of digging (14)
 C - a wand of polymorph (21)
Scrolls
 i - a scroll of teleportation
 m - a scroll of remove curse
 o - 3 scrolls of identify
 v - a scroll of blinking
 w - a scroll of fear
 y - 2 scrolls of amnesia {unknown}
 D - a scroll of brand weapon {unknown}
Potions
 h - a potion of degeneration {unknown}
 t - a potion of ambrosia
 A - a potion of flight
Books
 c - a book of Battle

   Spells                             Type                      Level
   a - Infusion                       Charms                       1
   b - Shroud of Golubria             Charms/Translocation         2
   c - Song of Slaying                Charms                       2
   d - Spectral Weapon                Hexes/Charms                 3
   e - Regeneration                   Charms/Necromancy            3
 l - a book of Conjurations

   Spells                             Type                      Level
   a - Magic Dart                     Conjuration                  1
   b - Searing Ray                    Conjuration                  2
   c - Dazzling Spray                 Conjuration/Hexes            3
   d - Fulminant Prism                Conjuration/Hexes            4
   e - Force Lance                    Conjuration/Translocation    4
   f - Iskenderun's Mystic Blast      Conjuration                  4
 r - a book of Minor Magic

   Spells                             Type                      Level
   a - Magic Dart                     Conjuration                  1
   b - Blink                          Translocation                2
   c - Call Imp                       Summoning                    2
   d - Slow                           Hexes                        2
   e - Conjure Flame                  Conjuration/Fire             3
   f - Mephitic Cloud                 Conjuration/Poison/Air       3
Comestibles
 d - 7 rations
 z - 4 chunks of flesh


   Skills:
 + Level 4.2 Fighting
 - Level 2.0 Maces & Flails
 + Level 3.5 Polearms
 - Level 2.2 Armour
 + Level 4.2 Dodging
 + Level 2.8 Shields
 + Level 3.8 Spellcasting
 - Level 3.4 Charms


You had 13 spell levels left.
You knew the following spells:

 Your Spells              Type           Power        Failure   Level  Hunger
a - Infusion              Chrm           ###.         4%          1    None


Dungeon Overview and Level Annotations

Branches:
Dungeon (5/15)
 Temple: D:4-7

Annotations:
D:4 Gorglomux's ghost, amateur TeSu
D:5 Zorot's ghost, novice DEFE


Innate Abilities, Weirdness & Mutations

You have an increased reservoir of magic. (+10% MP)


Message History

You kill the orc wizard!
You have reached level 8!
You barely miss the orc priest.
The orc priest invokes the aid of Beogh against you.
Beogh smites you!
* * * LOW HITPOINT WARNING * * *
Unknown command.
You feel better. The orc priest hits you with a mace.
* * * LOW HITPOINT WARNING * * *
Attack whom?
Press: ? - help, Dir - move target cursor, f - orc priest
Aim: an orc priest, wielding a mace and wearing a chain mail You hit the orc priest but do no damage.
Attack whom?
Press: ? - help, Dir - move target cursor, f/p - orc priest
Aim: an orc priest, wielding a mace and wearing a chain mail You completely miss the orc priest.
The orc priest mumbles some strange prayers to Beogh against you.
Beogh smites you!
You die...

...#..############
...#.............#
...#.##..........#####
......+...............
.#.####..........####
.+..........#.#....#
.#)########.#.#..#.#
..........#+#.#..#.#####
...######.. ..#.@.......
...# ..#.o...#### ...#
...#...#.# ...#
.......#.# #..# ..#..# #
...# ......# ...#
....##.# ...# #.... .#
#..#


You could see an orc priest.

Vanquished Creatures
  Eustachio (D:4)
  Edmund (D:4)
  An ice beast (D:5)
  2 phantoms
  An ogre (D:5)
  A scorpion (D:4)
  2 jellies (D:3)
  A hound (D:4)
  An orc priest (D:3)
  2 orc wizards
  A bullfrog skeleton (D:4)
  An iguana (D:4)
  Natasha (D:2)
  3 gnolls (D:4)
  7 adders
  2 river rats (D:4)
  9 oozes (D:3)
  An adder skeleton (D:5)
  2 dart slugs
  6 worms
  4 leopard geckos
  11 orcs
  5 giant cockroaches
  10 goblins
  4 hobgoblins
  7 jackals
  2 quokkas
  A ball python (D:2)
  A ball python skeleton (D:4)
  7 bats
  4 frilled lizards
  12 kobolds
  A leopard gecko skeleton (D:4)
  10 rats
  2 fungi (D:4)
127 creatures vanquished.

Vanquished Creatures (others)
  5 fungi
  6 toadstools (D:3)
11 creatures vanquished.

Grand Total: 138 creatures vanquished

Notes
Turn   | Place    | Note
-------+----------+-------------------------------------------
     0 | D:1      | SedStubbie the Demigod Skald began the quest for the Orb.
     0 | D:1      | Reached XP level 1. HP: 17/17 MP: 5/5
    40 | D:1      | Reached skill level 1 in Armour
   280 | D:1      | Reached XP level 2. HP: 20/24 MP: 7/7
   776 | D:2      | Reached XP level 3. HP: 24/29 MP: 8/8
  1018 | D:2      | Noticed Natasha
  1030 | D:2      | Killed Natasha
  1565 | D:3      | Reached skill level 1 in Polearms
  1565 | D:3      | Reached XP level 4. HP: 15/37 MP: 9/9
  3085 | D:3      | Reached XP level 5. HP: 41/42 MP: 11/11
  4189 | D:4      | Noticed Eustachio
  4419 | D:4      | Reached XP level 6. HP: 31/51 MP: 13/13
  4504 | D:4      | Noticed Gorglomux's ghost (amateur TeSu)
  5126 | D:5      | Entered Level 5 of the Dungeon
  5227 | D:4      | Killed Eustachio
  5227 | D:4      | Reached skill level 1 in Shields
  5286 | D:4      | Noticed Edmund
  5620 | D:4      | Killed Edmund
  5620 | D:4      | Reached XP level 7. HP: 25/57 MP: 15/15
  6629 | D:5      | Found a bloodstained altar of Trog.
  6659 | D:5      | Found a white marble altar of Elyvilon.
  6673 | D:5      | Noticed Zorot's ghost (novice DEFE)
  6830 | D:5      | Reached XP level 8. HP: 13/66 MP: 13/17
  6831 | D:5      | HP: 1/66 [orc priest/divine providence (12)]
  6834 | D:5      | Killed from afar by an orc priest

Skill      XL: |  1  2  3  4  5  6  7 |
---------------+----------------------+-----
Armour         | 1 2 |  2.2
Fighting       | 2 3 4 |  4.2
Dodging        | 2 3 4 |  4.2
Maces & Flails | 2 |  2.0
Spellcasting   | 2 3 |  3.8
Charms         | 3 |  3.4
Polearms       | 1 2 3 |  3.5
Shields        | 1 2 |  2.8

Action                   |  1- 3 |  4- 6 |  7- 9 || total
-------------------------+-------+-------+-------++-------
Melee: Mace              |    50 |       |       ||    50
       Spear             |    69 |   327 |   176 ||   572
 Cast: Infusion          |       |    13 |     7 ||    20
Evoke: Wand              |       |     4 |     1 ||     5
  Use: Scroll            |     1 |     8 |       ||     9
       Potion            |     2 |     5 |     1 ||     8
 Stab: Sleeping          |     4 |     1 |       ||     5
  Eat: Chunk             |     5 |     8 |     4 ||    17
       Ration            |       |     1 |       ||     1
Armor: Leather armour    |    24 |    46 |    14 ||    84
Dodge: Dodged            |    89 |   141 |    65 ||   295
Block: Buckler           |       |    46 |    42 ||    88
